 Dungeon Sprint DCSS version 0.28.0-53-g5a82cb258f (webtiles) character file.

Game seed: 14500550949410674284

43907 Atelerd the Warrior (level 13, -34/134 HPs)
             Began as a Demonspawn Berserker on July 17, 2022.
             Was an Elder of Trog.
             Killed from afar by a hellephant (61 damage)
             ... with a blast of flame
             ... in the Dungeon (Sprint V: "Ziggurat Sprint").
             The game lasted 00:10:56 (1118 turns).

Atelerd the Warrior (Demonspawn Berserker)          Turns: 1118, Time: 00:10:56

Health: -34/134    AC: 33    Str: 35    XL:     13   Next: 93%
Magic:  11/11      EV: 10    Int: 10    God:    Trog [****..]
Gold:   0          SH: 31    Dex: 12    Spells: 12/12 levels left

rFire   . . .      SeeInvis +   z - +14 obsidian axe {vorpal, Mesm Drain Fly SInv}
rCold   . . .      Faith    +   B - +18 shield of the Gong {rElec rN+ Will+ EV-5}
rNeg    + + +      Spirit   .   A - +15 Maxwell's patent armour {-Cast -Tele rElec Will+ rCorr}
rPois   .          Reflect  .   J - +3 crown of Dyrovepreva {rElec Int+2 SInv}
rElec   +          Harm     .   (cloak unavailable)
rCorr   +          Rampage  .   G - +1 pair of gloves of the Moon {Str+4 Dex-2}
Will    ++++.      NoTele   +   (no boots)
Stlth   .......... NoCast   +   R - amulet "Orolau" {Faith rN++ Str+3 Slay+2}
HPRegen 1.32/turn               x - +6 ring of strength
MPRegen 0.12/turn               D - +4 ring of slaying

@: mighty, weakened, strong-willed, flying, mesmerised, regenerating, studying 2
skills
A: powered by pain 1, robust 1, sturdy frame 2, demonic magic 1, weakness
stinger 3, deformed body, low MP 1
a: Renounce Religion, Berserk, Trog's Hand, Brothers in Arms


You were in the Dungeon.
You worshipped Trog.
Trog was greatly pleased with you.
You visited 1 branch

Inventory:

Hand Weapons
 a - a +0 hand axe
 z - the +14 obsidian axe (weapon) {vorpal, Mesm Drain Fly SInv}
   (You found it in the Dungeon)

   It inflicts extra damage upon your enemies.
   It occasionally summons demons to assist the wielder when it strikes in
   combat.
   Its wielder is mesmerised by any visible foes.
   It cannot be unequipped while any foes are visible.
   SInv:      It lets you see invisible.
   Fly:       It grants you flight.
   Drain:     It drains your maximum health when unequipped.
Armour
 b - a +0 animal skin
 A - the +15 Maxwell's patent armour (worn) {-Cast -Tele rElec Will+ rCorr}
   (You found it in the Dungeon)

   rElec:     It insulates you from electricity.
   -Cast:     It prevents spellcasting.
   -Tele:     It prevents most forms of teleportation.
   rCorr:     It protects you from acid and corrosion.
   Will:      It increases your willpower.
 B - the +18 shield of the Gong (worn) {rElec rN+ Will+ EV-5}
   (You found it in the Dungeon)

   It is deafeningly noisy when blocking attacks.
   EV:        It affects your evasion (-5).
   rElec:     It insulates you from electricity.
   rN:        It protects you from negative energy.
   Will:      It increases your willpower.
 G - the +1 pair of gloves of the Moon (worn) {Str+4 Dex-2}
   (You found it in the Dungeon)

   Str:       It affects your strength (+4).
   Dex:       It affects your dexterity (-2).
 J - the +3 crown of Dyrovepreva (worn) {rElec Int+2 SInv}
   (You found it in the Dungeon)

   Int:       It affects your intelligence (+2).
   rElec:     It insulates you from electricity.
   SInv:      It lets you see invisible.
 U - a +1 cloak of poison resistance
Jewellery
 k - the amulet of the Four Winds {rN+ Will+++ Clar}
   (You found it in the Dungeon)

   [amulet of nothing]

   rN:        It protects you from negative energy.
   Clar:      It protects you against confusion.
   Will:      It greatly increases your willpower.
 s - a ring of flight
 t - a +6 ring of dexterity
 u - a +6 ring of dexterity
 v - a +6 ring of intelligence
 w - a +6 ring of intelligence
 x - a +6 ring of strength (left hand)
 y - a +6 ring of strength
 D - a +4 ring of slaying (right hand)
 E - a +4 ring of protection
 F - an amulet of magic regeneration
 H - a +4 ring of evasion
 I - the amulet "Koz Cuid" {Faith *Slow Fly rElec Regen+}
   (You found it in the Dungeon)

   [amulet of faith]

   It allows you to gain divine favour quickly.
   rElec:     It insulates you from electricity.
   Fly:       It grants you flight.
   Regen:     It increases your rate of health regeneration.
   *Slow:     It may slow you when you take damage.
 K - a +4 ring of protection
 L - a ring of protection from cold
 M - a +6 ring of strength
 N - a +6 ring of dexterity
 O - an amulet of regeneration
 P - the ring of Siwn {Wiz rElec rN+++ Int+4 Dex-2 SInv}
   (You took it off a vault guard in the Dungeon)

   [ring of wizardry]

   It improves your spell success rate.
   Int:       It affects your intelligence (+4).
   Dex:       It affects your dexterity (-2).
   rElec:     It insulates you from electricity.
   rN:        It renders you almost immune to negative energy.
   SInv:      It lets you see invisible.
 Q - a ring of ice
 R - the amulet "Orolau" (around neck) {Faith rN++ Str+3 Slay+2}
   (You found it in the Dungeon)

   [amulet of faith]

   It allows you to gain divine favour quickly.
   Str:       It affects your strength (+3).
   Slay:      It affects your accuracy & damage with ranged weapons and melee
   (+2).
   rN:        It greatly protects you from negative energy.
 S - a ring of fire
 T - a ring of willpower
Wands
 p - a wand of mindburst (7)
 q - a wand of iceblast (7)
 r - a wand of acid (7)
Scrolls
 h - 4 scrolls of blinking
 m - 7 scrolls of fog
 n - 5 scrolls of identify
 o - 2 scrolls of fear
Potions
 c - 10 potions of curing
 d - 8 potions of heal wounds
 e - 5 potions of haste
 f - 7 potions of magic
 g - 3 potions of berserk rage
 i - 2 potions of invisibility
 j - 2 potions of resistance
 l - 3 potions of might
Miscellaneous
 C - a piece from Xom's chessboard (15/15)


   Skills:
 + Level 17.9 Fighting
 + Level 16.5 Axes
 + Level 16.4 Armour
 + Level 16.4 Dodging
 + Level 16.0 Shields


You had 12 spell levels left.
You didn't know any spells.
Your spell library was empty.

Dungeon Overview and Level Annotations

Branches:
Dungeon (1/1)

Altars:
Ashenzari
Cheibriados
Dithmenos
Elyvilon
Fedhas
Gozag
Hepliaklqana
Kikubaaqudgha
Makhleb
Nemelex Xobeh
Okawaru
Qazlal
Ru
Sif Muna
Trog
Uskayaw
Vehumet
Wu Jian
Xom
Yredelemnul
Zin
The Shining One
Beogh
Jiyva
Lugonu


Innate Abilities, Weirdness & Mutations

You sometimes gain a little power by taking damage.
You are robust. (+10% HP)
Your movements are less encumbered by armour. (ER -4)
Spells you cast may paralyse adjacent enemies.
You have a sharp stinger which inflicts weakening toxins.
Armour fits poorly on your strangely shaped body.
Your magical capacity is low. (-10% MP)


Message History

You hear an angry squeal. x2
The hellion gestures at you.
The sphere of damnation explodes!
The damnation engulfs you!! The damnation engulfs your ogre!!
A hellion comes into view.
A salamander tyrant comes into view.
A searing wretch comes into view.
A tormentor comes into view.
A hell hog comes into view.
The hellion moves out of view.
A fire giant comes into view.
It is wielding a +2 great sword of flaming.
Unknown command.
Your skin crawls.
You feel strong-willed.
Visions of slaying the hell hog flood into your mind.
Your ogre rages.
The hellion gestures at you.
The sphere of damnation explodes!
The damnation engulfs you! The damnation engulfs your ogre!!
Your ogre dies!
Your ogre's corpse disappears in a puff of smoke!
The damnation engulfs your orange demon!!!
The damnation engulfs your hellwing!!
The salamander tyrant gazes fiercely through you!
You feel your attacks grow feeble. The fire giant casts a spell at you.
The bolt of fire misses you.
Your ogre goes berserk!
Trog will no longer gift you weapons.
Visions of slaying the hellephant flood into your mind.
The hell hog breathes fire at you.
The fireball explodes!
The fireball engulfs you!!!
You focus on the pain.
You feel very mighty all of a sudden. The fireball engulfs your hellwing.
A tormentor comes into view.
The hellion gestures at you.
The sphere of damnation explodes!
The damnation engulfs you!!
* * * LOW HITPOINT WARNING * * *
The damnation engulfs your hellwing!! The hellephant breathes flames at you.
The blast of flame hits you!!!
You die...

▓...|||[|[
▓...}C2))|[...▓..:[..})}
▓..2C.n.L.....▓.........
▓.....2N.Y.h..▓.........
▓.....hhh.....▓.....†...
▓.............▓.........
▓.....O.......▓..▓.†.†.▓
▓..§....▓ ▓.▓▓▓†)†▓▓ ▓
▓▓44@..▓▓ ▓..▓.....▓
▓..▓.......▓..▓.....©...
▓.............▓▓▓▓▓▓▓▓▓▓
▓......©......▓....8©8..
▓▓▓▓▓▓▓▓▓▓▓▓▓▓▓..)=:.}):
▓...)[))[: ▓.........
▓......... ▓.........


You could see a hellephant (mesmerising, catching breath), a searing wretch, 2
fire giants, a stoker, a salamander tyrant, 4 hell hogs, a hellion (ally
target), 2 tormentors, a friendly orange demon (summoned), a friendly hellwing
(summoned) and a friendly ogre (summoned, berserk).

Vanquished Creatures
  2 pandemonium lords (D)
  A lich (D)
  A shadow dragon (D)
  A vault warden (D)
  2 ghost moths (D)
  A broodmother (D)
  A vampire knight (D)
  A red draconian (D)
  A deep elf annihilator (D)
  A fire dragon (D)
  7 vault guards (D)
  2 dancing weapons (D)
  A hell hog (D)
  A deep elf pyromancer (D)
  2 necromancers (D)
  An ugly thing (D)
  4 draconians (D)
  A vault sentinel (D)
  A rust devil (D)
  2 demonic crawlers (D)
  A rime drake (D)
  An efreet (D)
  A hellwing (D)
  A queen bee (shapeshifter) (D)
  A tarantella (D)
  A slime creature (D)
  A jumping spider (D)
  A shadow (D)
  A basilisk (D)
  A fire elemental (D)
  2 neqoxecs (D)
  A chaos spawn (D)
  4 water moccasins (D)
  A hell hound (D)
  2 wolves (D)
  2 bullfrogs (D)
  3 scorpions (D)
  A crimson imp (D)
  2 quasits (D)
  A mummy (D)
  2 adder zombies (D)
  2 endoplasms (D)
  A ball python (D)
  A ball python zombie (D)
69 creatures vanquished.

Vanquished Creatures (collateral kills)
  A pandemonium lord (D)
  A yellow draconian (D)
  2 fire dragons (D)
  A boulder beetle (D)
  2 vault guards (D)
  3 pharaoh ants (D)
  An orb spider (D)
  3 necromancers (D)
  A wolf spider (D)
  A shining eye (D)
  2 deep elf archers (D)
  A salamander (shapeshifter) (D)
  A deep elf pyromancer (D)
  A smoke demon (D)
  A cane toad (D)
  A yaktaur (D)
  An efreet (D)
  A red devil (D)
  A troll (shapeshifter) (D)
  A dream sheep (shapeshifter) (D)
  A blink frog (D)
  2 shadows (D)
  A redback (D)
  A hell hound (D)
  2 floating eyes (D)
  2 crimson imps (D)
  A quasit (D)
  A mummy (D)
  A giant cockroach zombie (D)
  A fire vortex (D)
40 creatures vanquished.

Vanquished Creatures (others)
  A dancing weapon (D)
  A bullfrog (D)
  3 fire vortices (D)
5 creatures vanquished.

Grand Total: 114 creatures vanquished

Notes
Turn   | Place    | Note
-------+----------+-------------------------------------------
     0 | D        | Atelerd the Demonspawn Berserker began the quest for the
                  | Orb.
     0 | D        | Reached XP level 1. HP: 18/18 MP: 1/1
     0 | D        | Found a blossoming altar of Fedhas.
     0 | D        | Found the +6 Majin-Bo {vamp, MP+6 Int+6}
     0 | D        | Found the +9 heavy crossbow "Sniper" {vorpal, Acc+∞ SInv}
     0 | D        | Found the +10 dark maul {vorpal}
     0 | D        | Found the +15 Maxwell's patent armour {-Cast -Tele rElec
                  | Will+ rCorr}
     0 | D        | Found the +18 shield of the Gong {rElec rN+ Will+ EV-5}
     0 | D        | Found the +14 obsidian axe {vorpal, Mesm Drain Fly SInv}
     0 | D        | Found the +7 great mace "Firestarter" {inner flame, rF++}
     0 | D        | Found the +6 shillelagh "Devastator" {shatter}
     0 | D        | Found the +11 plutonium sword {Contam Stlth-}
     0 | D        | Found the +8 lance "Wyrmbane" {slay drac, rPois rF+ rC+
                  | AC+3}
     0 | D        | Found the +9 sword of Zonguldrok {reap}
     0 | D        | Found the +13 scythe of Curses {drain, Drain}
     0 | D        | Found the +5 sword of Power {vorpal}
     0 | D        | Found the +7 mace of Variability {chain chaos}
     0 | D        | Found the +7 Singing Sword {vorpal, sonic wave}
     0 | D        | Found the +8 storm bow {elec, penet}
     5 | D        | Found a shimmering blue altar of Sif Muna.
     5 | D        | Found a sacrificial altar of Ru.
     5 | D        | Found a bloodstained altar of Trog.
     5 | D        | Found a stormy altar of Qazlal.
     5 | D        | Found an iron altar of Okawaru.
     5 | D        | Found a sparkling altar of Nemelex Xobeh.
     7 | D        | Found a transporter.
     7 | D        | Found an ancient bone altar of Kikubaaqudgha.
     7 | D        | Found a viscous altar of Jiyva.
     7 | D        | Found a corrupted altar of Lugonu.
     7 | D        | Found a hazy altar of Hepliaklqana.
     7 | D        | Found a burning altar of Makhleb.
     7 | D        | Found an opulent altar of Gozag.
    49 | D        | Reached skill level 4 in Fighting
    49 | D        | Gained mutation: You have a small tail. [demonic ancestry]
    49 | D        | Reached XP level 2. HP: 26/26 MP: 2/2
    50 | D        | Entered arena 2.
    50 | D        | Noticed a water moccasin
    50 | D        | Found a transporter.
    53 | D        | Killed a water moccasin
    54 | D        | Reached skill level 5 in Fighting
    54 | D        | Reached skill level 5 in Axes
    54 | D        | Gained mutation: Your movements are slightly less
                  | encumbered by armour. (ER -2) [demonic ancestry]
    54 | D        | Reached XP level 3. HP: 34/34 MP: 3/3
    54 | D        | Reached XP level 4. HP: 40/40 MP: 4/4
    59 | D        | Entered arena 3.
    59 | D        | Found the amulet of the Four Winds {rN+ Will+++ Clar}
    59 | D        | Noticed a slime creature
    59 | D        | Noticed a vault sentinel
    59 | D        | Noticed a vault warden
    59 | D        | Found a transporter.
    67 | D        | Killed a slime creature
    67 | D        | Reached ** piety under Trog
    67 | D        | Killed a vault sentinel
    68 | D        | Reached skill level 8 in Fighting
    68 | D        | Reached skill level 5 in Shields
    68 | D        | Reached XP level 5. HP: 49/49 MP: 5/5
    68 | D        | Gained mutation: Your movements are less encumbered by
                  | armour. (ER -4) [demonic ancestry]
    68 | D        | Reached XP level 6. HP: 56/56 MP: 6/6
    68 | D        | Gained mutation: You have a tail ending in a sharp stinger.
                  | [demonic ancestry]
    68 | D        | Reached XP level 7. HP: 62/62 MP: 7/7
    71 | D        | Killed a vault warden
    71 | D        | Reached *** piety under Trog
    72 | D        | Reached skill level 9 in Fighting
    72 | D        | Gained mutation: Spells you cast may paralyse adjacent
                  | enemies. [demonic ancestry]
    72 | D        | Reached XP level 8. HP: 71/71 MP: 8/8
   127 | D        | Entered arena 4.
   127 | D        | Found a transporter.
   130 | D        | Paralysed by a floating eye for 4 turns
   132 | D        | Reached **** piety under Trog
   144 | D        | Entered arena 5.
   144 | D        | Noticed a jumping spider
   144 | D        | Noticed a tarantella
   144 | D        | Found a transporter.
   146 | D        | Killed a tarantella
   148 | D        | Gained mutation: You are robust. (+10% HP) [demonic
                  | ancestry]
   148 | D        | Reached XP level 9. HP: 72/85 MP: 9/9
   154 | D        | Reached skill level 10 in Fighting
   163 | D        | Entered arena 6.
   163 | D        | Found a transporter.
   166 | D        | Reached ***** piety under Trog
   183 | D        | Entered arena 7.
   183 | D        | Noticed a draconian
   183 | D        | Noticed a draconian
   183 | D        | Noticed a draconian
   183 | D        | Noticed a red draconian
   183 | D        | Noticed a draconian
   183 | D        | Noticed a yellow draconian
   184 | D        | Found a transporter.
   190 | D        | Killed a yellow draconian
   192 | D        | Killed a draconian
   192 | D        | Killed a draconian
   192 | D        | Identified the +7 hand axe "Umaecam" {flame, rPois rF+
                  | Dex+3} (Trog gifted it to you in the Dungeon)
   192 | D        | Received a gift from Trog
   193 | D        | Reached skill level 11 in Fighting
   193 | D        | Reached skill level 10 in Axes
   196 | D        | Killed a red draconian
   196 | D        | Killed a draconian
   197 | D        | Reached skill level 10 in Armour
   197 | D        | Reached skill level 10 in Dodging
   197 | D        | Reached XP level 10. HP: 96/96 MP: 10/10
   198 | D        | Killed a draconian
   213 | D        | Got the +1 pair of gloves of the Moon {Str+4 Dex-2}
   244 | D        | Entered arena 8.
   244 | D        | Noticed a smoke demon
   244 | D        | Noticed Ydwum the pandemonium lord
   249 | D        | Found a transporter.
   256 | D        | Killed a smoke demon
   257 | D        | Reached skill level 10 in Shields
   261 | D        | Reached skill level 12 in Fighting
   269 | D        | Killed Ydwum the pandemonium lord
   270 | D        | Reached skill level 13 in Fighting
   270 | D        | Reached XP level 11. HP: 41/107 MP: 11/11
   517 | D        | Entered arena 9.
   517 | D        | Found the +3 crown of Dyrovepreva {rElec Int+2 SInv}
   517 | D        | Noticed a shining eye
   517 | D        | Noticed a green ugly thing
   521 | D        | Found a transporter.
   521 | D        | Gained mutation: Armour fits poorly on your strangely
                  | shaped body. [a neqoxec]
   525 | D        | Killed a green ugly thing
   526 | D        | Gained mutation: Your magical capacity is low. (-10% MP) [a
                  | shining eye]
   529 | D        | Killed a shining eye
   535 | D        | Got the amulet "Koz Cuid" {Faith *Slow Fly rElec Regen+}
   548 | D        | Entered arena 10.
   548 | D        | Found the +9 staff of Wucad Mu {*channel}
   548 | D        | Noticed Jafa the pandemonium lord
   548 | D        | Noticed Raegg the pandemonium lord
   549 | D        | Found a transporter.
   562 | D        | Killed Jafa the pandemonium lord
   562 | D        | Received a gift from Trog
   563 | D        | Reached skill level 14 in Fighting
   563 | D        | Gained mutation: You have a sharp stinger which inflicts
                  | weakening toxins. [demonic ancestry]
   563 | D        | Reached XP level 12. HP: 89/118 MP: 10/10
   570 | D        | Killed Raegg the pandemonium lord
   603 | D        | Entered arena 11.
   603 | D        | Noticed a deep elf annihilator
   605 | D        | Found a transporter.
   608 | D        | Noticed a two-headed ogre
   608 | D        | a faun changed into a two-headed ogre
   610 | D        | Reached skill level 15 in Fighting
   614 | D        | a two-headed ogre changed into a glowing shapeshifter
   617 | D        | Killed a deep elf annihilator
   617 | D        | Received a gift from Trog
   619 | D        | Reached ****** piety under Trog
   632 | D        | Entered arena 12.
   632 | D        | Noticed a vampire knight
   633 | D        | Identified the +7 war axe "Berosott" {drain, Str+4 Dex+2}
   637 | D        | Found a transporter.
   637 | D        | Received a gift from Trog
   644 | D        | Received a gift from Trog
   645 | D        | Killed a vampire knight
   663 | D        | Entered arena 13.
   663 | D        | Noticed a ghost moth
   663 | D        | Noticed a broodmother
   663 | D        | Noticed a ghost moth
   666 | D        | Found the +12 glaive of Prune {vorpal}
   667 | D        | Reached skill level 16 in Fighting
   667 | D        | Found a transporter.
   670 | D        | Killed a ghost moth
   671 | D        | Gained mutation: You sometimes gain a little power by
                  | taking damage. [demonic ancestry]
   671 | D        | Reached XP level 13. HP: 110/129 MP: 0/11
   671 | D        | Received a gift from Trog
   672 | D        | Reached skill level 15 in Axes
   675 | D        | Killed a ghost moth
   676 | D        | Reached skill level 15 in Armour
   676 | D        | Reached skill level 15 in Dodging
   678 | D        | Killed a broodmother
   691 | D        | Entered arena 14.
   695 | D        | Noticed a shadow dragon
   695 | D        | Noticed a lich
   696 | D        | Identified the ring of Siwn {Wiz rElec rN+++ Int+4 Dex-2
                  | SInv}
   698 | D        | Found a transporter.
   706 | D        | Killed a lich
   710 | D        | Reached skill level 15 in Shields
   710 | D        | Received a gift from Trog
   711 | D        | Reached skill level 17 in Fighting
   713 | D        | Killed a shadow dragon
   720 | D        | Identified the +3 broad axe "Ruoneejeir" {vorpal, Dex+3}
                  | (Trog gifted it to you in the Dungeon)
   720 | D        | Received a gift from Trog
   946 | D        | Entered arena 15.
   947 | D        | Noticed a fire dragon
   947 | D        | Noticed a fire dragon
   947 | D        | Noticed a fire dragon
   957 | D        | Killed a fire dragon
   960 | D        | Killed a fire dragon
   960 | D        | Received a gift from Trog
   962 | D        | Killed a fire dragon
   970 | D        | Found a transporter.
   977 | D        | Got the amulet "Orolau" {Faith rN++ Str+3 Slay+2}
  1083 | D        | Entered arena 16.
  1092 | D        | Received a gift from Trog
  1096 | D        | Found a transporter.
  1112 | D        | Entered arena 17.
  1116 | D        | Noticed a fire giant
  1116 | D        | Noticed a hellephant
  1116 | D        | Noticed a searing wretch
  1117 | D        | Noticed a fire giant
  1118 | D        | Killed from afar by a hellephant

Illustrated notes

Levels and vault maps discovered:
D:        sprint_v [room_start, room_1, room_2, room_3, room_4, room_5, room_6,
          room_7, room_8, room_9, room_10, room_11, room_12, room_13, room_14,
          room_15, room_16, room_17, room_18, room_19, room_20, room_21,
          room_22, room_23, room_24, room_25, room_26, room_27]

Skill      XL: |  1  2  3  4  5  6  7  8  9 10 11 12 13 |
---------------+----------------------------------------+-----
Fighting       | 4 5 8 9 11 13 14 16 17 | 17.9
Axes           | 4 5 7 8 9 10 12 13 14 16 | 16.5
Armour         | 3 4 7 8 10 12 13 14 16 | 16.4
Dodging        | 3 4 7 8 10 12 13 14 16 | 16.4
Shields        | 2 5 7 9 11 12 14 16 | 16.0

Action                   |  1- 3 |  4- 6 |  7- 9 | 10-12 | 13-15 || total
-------------------------+-------+-------+-------+-------+-------++-------
Melee: Broad axe         |     2 |     5 |    22 |    60 |    48 ||   137
       Tailslap          |     1 |     1 |     3 |    12 |    10 ||    27
Invok: Berserk           |       |     1 |     1 |     3 |     2 ||     7
       Trog's Hand       |       |       |     2 |     6 |     3 ||    11
       Brothers in Arms  |       |       |       |     8 |     8 ||    16
  Use: Potion            |     1 |     1 |       |     6 |     1 ||     9
 Stab: Distracted        |       |       |       |     2 |       ||     2
Armor: Plate armour      |     1 |     1 |     4 |    50 |    25 ||    81
Dodge: Dodged            |       |     1 |     5 |    38 |     7 ||    51
Block: Kite shield       |     3 |    12 |    38 |   138 |    73 ||   264
